 Dungeon Crawl Stone Soup version 0.23.2-1-ga50397a (webtiles) character file.

Game seed: 5603530877684151662

7833 MalarOregon the Thaumaturge (level 11, 0/87 (89) HPs)
             Began as a Merfolk Ice Elementalist on May 25, 2019.
             Was a High Priest of Vehumet.
             Slain by a wraith (5 damage)
             ... led by Josephine
             ... on level 10 of the Dungeon.
             The game lasted 00:48:32 (16148 turns).

MalarOregon the Thaumaturge (MfIE)                 Turns: 16148, Time: 00:48:33

HP:   0/87 (89)     AC:  7    Str: 21    XL:     11   Next: 21%
MP:   1/25          EV: 19    Int: 17    God:    Vehumet [*****.]
Gold: 65            SH:  0    Dex: 14    Spells: 14/30 levels left

rFire    + . .     SeeInvis .   y - +2 dagger (drain)
rCold    . . .     Gourm    .   (no shield)
rNeg     + . .     Faith    .   F - +2 robe {rN+}
rPois    .         Spirit   .   A - +2 helmet
rElec    .         Reflect  .   (no cloak)
rCorr    .         Harm     .   (no gloves)
MR       .....                  (no boots)
Stlth    ++........             m - amulet of regeneration
HPRegen  0.64/turn              c - +4 ring of evasion
MPRegen  0.19/turn              n - +6 ring of strength

@: mighty, slowed, studying Shields, very slow
A: change form in water, swift swim, stealthy swim, fire resistance 1,
MP-powered wands, sturdy frame 1
a: Renounce Religion


You were on level 10 of the Dungeon.
You worshipped Vehumet.
Vehumet was extremely pleased with you.
You were near starving.

You visited 2 branches of the dungeon, and saw 11 of its levels.

You collected 535 gold pieces.
You spent 470 gold pieces at shops.

Inventory:

Hand Weapons
 y - a +2 dagger of draining (weapon)
   (You took it off Dowan on level 5 of the Dungeon)
Missiles
 o - a throwing net (quivered) {!f}
Armour
 A - a +2 helmet (worn)
   (You found it on level 3 of the Dungeon)
 F - a +2 robe of positive energy (worn)
   (You took it off an orc wizard on level 9 of the Dungeon)
Jewellery
 c - a +4 ring of evasion (left hand)
   (You found it on level 1 of the Dungeon)
 m - an amulet of regeneration (around neck)
   (You found it on level 2 of the Dungeon)
 n - a +6 ring of strength (right hand)
   (You found it on level 2 of the Dungeon)
 C - an uncursed ring of fire
   (You found it on level 9 of the Dungeon)
Wands
 d - a wand of iceblast (22)
   (You found it on level 2 of the Dungeon)
 t - a wand of flame (39)
   (You found it on level 3 of the Dungeon)
 u - a wand of paralysis (5)
   (You found it on level 5 of the Dungeon)
 w - a wand of polymorph (5)
   (You took it off Dowan on level 5 of the Dungeon)
Scrolls
 f - 3 scrolls of amnesia
 g - 6 scrolls of teleportation {@r4}
 l - 9 scrolls of remove curse {@r2}
 v - a scroll of fear
 x - 2 scrolls of enchant weapon
 z - 2 scrolls of identify {@r1}
 B - a scroll of vulnerability {!r}
 E - 2 scrolls of blinking {unknown}
Potions
 b - a potion of cancellation {unknown}
 h - 2 potions of heal wounds {unknown}
 i - 2 potions of magic {unknown}
 j - 6 potions of curing {@q1}
 k - a potion of resistance
 p - 2 potions of mutation {!q}
 q - 2 potions of brilliance
 r - 4 potions of flight
Books
 D - a manual of Shields {!d}
   (You found it on level 10 of the Dungeon)
Comestibles
 e - 9 rations {!d}


   Skills:
 - Level 9.0 Fighting
 + Level 6.0 Dodging
 - Level 3.0 Stealth
 * Level 2.0 Shields
 - Level 10.0 Spellcasting
 + Level 5.4 Conjurations
 - Level 5.0 Summonings
 + Level 5.7 Ice Magic


You had 14 spell levels left.
You knew the following spells:

 Your Spells              Type           Power        Failure   Level  Hunger
a - Freeze                Ice            ####         1%          1    None
b - Blink                 Tloc           N/A          13%         2    None
c - Throw Icicle          Conj/Ice       ####....     2%          4    ###....
d - Summon Ice Beast      Ice/Summ       ####....     10%         4    ###....
f - Mephitic Cloud        Conj/Pois/Air  ##......     3%          3    None
x - Throw Frost           Conj/Ice       ####..       1%          2    None

Your spell library contained the following spells:

 Spells                   Type           Power        Failure   Level  Hunger
 Airstrike                Air            #.........   21%         4    ###....
 Magic Dart               Conj           ####         1%          1    None
 Call Imp                 Summ           ####....     1%          2    None
 Conjure Flame            Conj/Fire      ###.....     2%          3    None
 Ozocubu's Armour         Chrm/Ice       ###.....     8%          3    None
 Slow                     Hex            #.......     13%         2    None


Dungeon Overview and Level Annotations

Branches:
Dungeon (10/15)            Temple (1/1) D:4            Lair (0/6) D:8
    Orc (0/2) D:9

Altars:
Ashenzari
Cheibriados
Dithmenos
Elyvilon
Fedhas
Gozag
Hepliaklqana
Kikubaaqudgha
Makhleb
Nemelex Xobeh
Okawaru
Qazlal
Ru
Sif Muna
Trog
Uskayaw
Vehumet
Wu Jian
Xom
Yredelemnul
Zin
The Shining One

Shops:
D:4 (   D:6 :   D:8 *   D:9 *

Annotations:
D:8 1 runed translucent door


Innate Abilities, Weirdness & Mutations

You revert to your normal form in water You are very nimble and swift while swimming.
You are very stealthy in the water. (Stealth+)
Your flesh is heat resistant. (rF+)
You expend magic power (3 MP) to strengthen your wands.
Your movements are slightly less encumbered by armour. (ER -2)


Message History

The meliai zombie hits you but does no damage.
You don't have enough magic to cast that spell.
You hit the wraith.
The meliai zombie completely misses you.
The meliai zombie misses you. The wraith barely misses you.
The meliai zombie hits you but does no damage.
The meliai zombie misses you. The wraith barely misses you.
The meliai zombie closely misses you. The meliai zombie hits you.
You closely miss the wraith. The meliai zombie hits you!
The meliai zombie barely misses you. The meliai zombie hits you!
* * * LOW HITPOINT WARNING * * *
The meliai zombie hits you.
* * * LOW HITPOINT WARNING * * *
The wraith misses you. The meliai zombie barely misses you.
The meliai zombie hits you.
* * * LOW HITPOINT WARNING * * *
You feel very mighty all of a sudden. The meliai zombie hits you.
* * * LOW HITPOINT WARNING * * *
The meliai zombie hits you.
* * * LOW HITPOINT WARNING * * *
The wraith barely misses you. The meliai zombie barely misses you.
The meliai zombie completely misses you.
The wraith misses you.
You puncture the wraith! The meliai zombie hits you.
* * * LOW HITPOINT WARNING * * *
The meliai zombie hits you.
* * * LOW HITPOINT WARNING * * *
The meliai zombie hits you.
* * * LOW HITPOINT WARNING * * *
The meliai zombie hits you but does no damage.
The wraith misses you. The meliai zombie misses you.
The meliai zombie closely misses you.
Okay, then.
Aim: a wraith (almost destroyed, chance to defeat MR: 17%)
Okay, then.
There are monsters nearby!
Aim: a wraith (almost destroyed, not susceptible)
Okay, then.
Unknown command.
Aim: a wraith (almost destroyed)
You feel a slight surge of power.
The puff of flame hits the wraith.
The meliai zombie hits you but does no damage.
The meliai zombie hits you.
* * * LOW HITPOINT WARNING * * *
The wraith misses you. The meliai zombie hits you!
* * * LOW HITPOINT WARNING * * *
The meliai zombie completely misses you.
The wraith hits you.
You die...

...#
##....#...#
+..... ##.#
#####...###+#
#####. ##.#
#..)....# #.
#.# #.......#
#. #.#
#.......# #W
#.# ######$..#
#. #.# #.#
#...# W. #.#
#.# #WZ.# W.
#.# #.# #@..#
##.########.#
#...#
.........##.#
#...... #.
##.#####....#
+.......? ...
##.# ##.####
#.....(.. #.
[..####...####
######### ###.
.##.....#....#
#. # ...
.##.###...##.#
#.# .# #.
.##.# ##.###.#
##.#####.##
##.


You could see a wraith and a meliai zombie.

Vanquished Creatures
  Harold (D:7)
  Psyche (D:8)
  Sigmund (D:6)
  A wraith (D:10)
  A hungry ghost (D:7)
  Duvessa (D:5)
  A water moccasin (D:5)
  A porcupine (D:8)
  4 sky beasts
  A hornet zombie (D:8)
  7 orc warriors
  4 black bears
  3 phantoms
  2 ice beasts
  4 ogres
  A necrophage (D:7)
  A centaur (D:9)
  2 crocodiles
  3 big kobolds
  6 bullfrogs
  2 gnoll sergeants
  Dowan (D:5)
  7 scorpions
  4 killer bees (D:7)
  8 wights
  3 howler monkeys
  2 crimson imps
  2 centaur zombies (D:7)
  A centaur skeleton (D:5)
  2 bullfrog skeletons
  3 jellies
  2 bullfrog zombies
  2 quasits (D:7)
  6 orc priests
  3 iguanas
  Ijyb (D:5)
  Natasha (twice) (D:2)
  8 orc wizards
  8 worker ants
  A hound zombie (D:6)
  A hound skeleton (D:6)
  2 worker ant zombies
  A mummy (D:6)
  16 gnolls
  11 adders
  3 shadow imps
  An ooze (D:1)
  An adder zombie (D:7)
  A worm (D:2)
  5 dart slugs
  7 leopard geckos
  39 orcs
  4 giant cockroaches
  4 goblins
  11 hobgoblins
  9 jackals
  23 kobolds
  4 quokkas
  2 ball pythons
  A ball python skeleton (D:3)
  9 bats
  5 frilled lizards
  A quokka zombie (D:8)
  8 rats
283 creatures vanquished.

Vanquished Creatures (collateral kills)
  A hungry ghost (D:8)
  A phantom (D:9)
2 creatures vanquished.

Vanquished Creatures (others)
  4 fungi (D:8)
  2 plants (D:8)
6 creatures vanquished.

Grand Total: 291 creatures vanquished

Notes
Turn   | Place    | Note
-------+----------+-------------------------------------------
     0 | D:1      | MalarOregon the Merfolk Ice Elementalist began the quest
                  | for the Orb.
     0 | D:1      | Reached XP level 1. HP: 13/13 MP: 3/3
   344 | D:1      | Reached XP level 2. HP: 15/19 MP: 0/5
   901 | D:1      | Reached XP level 3. HP: 18/24 MP: 0/6
  1364 | D:2      | Learned a level 2 spell: Throw Frost
  1421 | D:2      | Reached skill level 1 in Conjurations
  1421 | D:2      | Reached XP level 4. HP: 26/30 MP: 0/8
  1611 | D:2      | Found a sacrificial altar of Ru.
  1611 | D:2      | Found a radiant altar of Vehumet.
  1612 | D:2      | Found a snail-covered altar of Cheibriados.
  1618 | D:2      | Became a worshipper of Vehumet
  1921 | D:2      | Noticed Natasha
  1929 | D:2      | Killed Natasha
  1929 | D:2      | Reached skill level 3 in Spellcasting
  2078 | D:2      | Noticed Natasha
  2128 | D:2      | Learned a level 4 spell: Throw Icicle
  2219 | D:2      | Killed Natasha
  2219 | D:2      | Reached XP level 5. HP: 35/35 MP: 5/9
  3036 | D:3      | Reached * piety under Vehumet
  3036 | D:3      | Offered knowledge of Flame Tongue by Vehumet.
  3518 | D:4      | Noticed a phantom
  3856 | D:4      | Reached XP level 6. HP: 21/41 MP: 10/10
  4046 | D:4      | Learned a level 4 spell: Summon Ice Beast
  4497 | D:3      | Reached skill level 1 in Fighting
  4497 | D:3      | Reached skill level 1 in Summonings
  4691 | D:4      | Found a staircase to the Ecumenical Temple.
  4697 | Temple   | Entered the Ecumenical Temple
  4992 | D:4      | Found Ubli's Antique Weapon Emporium.
  5098 | D:5      | Entered Level 5 of the Dungeon
  5188 | D:5      | Noticed Duvessa
  5203 | D:4      | Reached XP level 7. HP: 48/48 MP: 2/11
  5557 | D:4      | Gained mutation: You expend magic power (3 MP) to
                  | strengthen your wands. [potion of mutation]
  5557 | D:4      | Gained mutation: Your flesh is heat resistant. (rF+)
                  | [potion of mutation]
  5557 | D:4      | Gained mutation: Your movements are slightly less
                  | encumbered by armour. (ER -2) [potion of mutation]
  6652 | D:5      | Noticed Dowan
  6938 | D:5      | Noticed Ijyb
  6948 | D:5      | Killed Ijyb
  7086 | D:5      | Reached skill level 4 in Spellcasting
  7226 | D:5      | Killed Duvessa
  7226 | D:5      | Reached XP level 8. HP: 25/60 MP: 5/14
  7242 | D:5      | Killed Dowan
  7505 | D:6      | Reached ** piety under Vehumet
  7534 | D:6      | Offered knowledge of Shock by Vehumet.
  7592 | D:6      | Found a glowing golden altar of the Shining One.
  7593 | D:6      | Found a glowing silver altar of Zin.
  7691 | D:6      | Reached skill level 5 in Fighting
  7691 | D:6      | Reached skill level 5 in Spellcasting
  7893 | D:6      | Found Mozaes Lexef's Book Shop.
  8182 | D:6      | Reached XP level 9. HP: 48/69 MP: 7/17
  8266 | D:6      | Noticed Sigmund
  8286 | D:6      | Reached skill level 6 in Spellcasting
  8300 | D:6      | Killed Sigmund
  8664 | D:7      | Offered knowledge of Ignite Poison by Vehumet.
  8911 | D:7      | Noticed Harold
  8931 | D:7      | Killed Harold
  8931 | D:7      | Reached skill level 7 in Spellcasting
  9074 | D:7      | Learned a level 2 spell: Blink
  9078 | D:7      | Learned a level 3 spell: Mephitic Cloud
  9167 | D:7      | Found a hide-covered altar of Uskayaw.
  9276 | D:7      | Reached *** piety under Vehumet
  9686 | D:7      | Reached XP level 10. HP: 81/82 MP: 21/21
 10345 | D:7      | Reached skill level 5 in Ice Magic
 10467 | D:7      | Offered knowledge of Fulminant Prism by Vehumet.
 10561 | D:7      | Reached skill level 5 in Summonings
 11137 | D:7      | Reached skill level 8 in Spellcasting
 11177 | D:7      | Reached skill level 5 in Conjurations
 12078 | D:8      | Found a runed translucent door.
 12087 | D:8      | Noticed a sixfirhy
 12119 | D:8      | Reached skill level 9 in Spellcasting
 12143 | D:8      | Reached **** piety under Vehumet
 12245 | D:8      | Found a staircase to the Lair.
 12329 | D:8      | Found Xyloefril's General Store.
 12332 | D:8      | Bought a potion of resistance for 120 gold pieces
 12332 | D:8      | Bought a scroll of identify for 24 gold pieces
 12332 | D:8      | Bought a scroll of teleportation for 36 gold pieces
 12332 | D:8      | Bought a wand of flame (22) for 144 gold pieces
 12332 | D:8      | Bought a scroll of remove curse for 36 gold pieces
 12332 | D:8      | Bought a ration for 60 gold pieces
 12367 | D:8      | Noticed Psyche
 12373 | D:8      | Killed Psyche
 12600 | D:9      | Offered knowledge of Dazzling Spray by Vehumet.
 13467 | D:9      | Reached skill level 10 in Spellcasting
 13919 | D:9      | Found Idehuji's Assorted Antiques.
 13922 | D:9      | Bought a scroll labeled JORGHA YPLACLIX for 25 gold pieces
 13922 | D:9      | Bought a scroll labeled JORGHA YPLACLIX for 25 gold pieces
 13963 | D:9      | Reached XP level 11. HP: 70/87 MP: 8/25
 13965 | D:9      | Reached skill level 5 in Dodging
 14558 | D:9      | Found a staircase to the Orcish Mines.
 15121 | D:9      | Found a staircase to the Orcish Mines.
 15285 | D:9      | Found Idehuji's Assorted Antiques.
 15351 | D:10     | Entered Level 10 of the Dungeon
 15561 | D:10     | Found a radiant altar of Vehumet.
 15608 | D:10     | Reached ***** piety under Vehumet
 15659 | D:10     | Reached skill level 1 in Shields
 15685 | D:10     | Offered knowledge of Airstrike by Vehumet.
 16148 | D:10     | Slain by a wraith

Skill      XL: |  1  2  3  4  5  6  7  8  9 10 11 |
---------------+----------------------------------+-----
Dodging        | 3 4 6 |  6.0
Stealth        | 3 |  3.0
Conjurations   | 1 2 3 4 5 |  5.4
Ice Magic      | 4 5 |  5.7
Spellcasting   | 3 4 5 7 10 | 10.0
Fighting       | 1 3 6 8 9 |  9.0
Summonings     | 2 4 5 |  5.0
Shields        | 2 |  2.0

Action                   |  1- 3 |  4- 6 |  7- 9 | 10-12 || total
-------------------------+-------+-------+-------+-------++-------
Melee: Unarmed           |    31 |     7 |       |       ||    38
       Dagger            |       |    51 |   265 |   231 ||   547
Throw: Throwing net      |       |       |       |     1 ||     1
 Cast: Freeze            |    55 |    76 |   155 |   133 ||   419
       Throw Frost       |       |    23 |    32 |   156 ||   211
       Throw Icicle      |       |     2 |     8 |    90 ||   100
       Summon Ice Beast  |       |       |       |     3 ||     3
Evoke: Wand              |       |       |       |    10 ||    10
  Use: Scroll            |       |       |    13 |     2 ||    15
       Potion            |       |       |     6 |     1 ||     7
 Stab: Sleeping          |       |     7 |     8 |     1 ||    16
       Paralysed         |       |       |       |     5 ||     5
  Eat: Chunk             |     2 |    13 |    15 |    11 ||    41
       Ration            |       |       |     1 |     6 ||     7
Armor: Robe              |    15 |    24 |    84 |    93 ||   216
Dodge: Dodged            |    73 |    74 |   307 |   389 ||   843
